 Dungeon Crawl Stone Soup version 0.31-a0-981-geadf994542 (webtiles) character file.

Game seed: 4020133321874743806

249822 Flugkiller the Spry (level 20, -16/159 HPs)
             Began as a Human Enchanter on Nov 1, 2023.
             Was a Believer of Uskayaw.
             Killed from afar by a deep elf annihilator (83 damage)
             ... with a crystal spear
             ... on level 3 of the Elven Halls.
             The game lasted 01:32:33 (44345 turns).

Flugkiller the Spry (Human Enchanter)              Turns: 44345, Time: 01:32:33

Health: -16/159    AC: 19    Str:  9    XL:     20   Next: 40%
Magic:  29/29      EV: 30    Int: 16    God:    Uskayaw [**....]
Gold:   1517       SH: 12    Dex: 33    Spells: 12/27 levels left

rFire   + + .        b - +2 Maxwell's thermic engine {flame, freeze, rev}
rCold   + . .        B - +2 buckler {AC+3}
rNeg    + . .        L - +4 ring mail "Myhaptue" {Dex+5}
rPois   .            (no helmet)
rElec   .            V - +0 cloak
rCorr   .            f - +0 pair of gloves of the Thinker {rF+ rC+}
SInv    .            h - +0 pair of boots "Jair" {rN+ Slay+2 Stlth+}
Will    +....        y - amulet of faith
Stlth   ++++++       v - +5 ring of evasion
HPRegen 0.46/turn    X - ring of Nalorue {rF+ Dex+6}
MPRegen 0.21/turn

%: faith
@: studying 2 skills
A: no striking features
}: 2/15 runes: barnacled, gossamer
a: Renounce Religion, Stomp, Line Pass


You were on level 3 of the Elven Halls.
You worshipped Uskayaw.
Uskayaw was pleased with you.
You visited 6 branches of the dungeon, and saw 33 of its levels.
You also visited: Ice Cave.

You collected 3389 gold pieces.
You spent 1872 gold pieces at shops.

Inventory:

Hand Weapons
 a - a +2 vampiric dagger
   (You took it off Nergalle on level 2 of the Orcish Mines)
 b - the +2 Maxwell's thermic engine (weapon) {flame, freeze, rev}
   (You bought it in a shop on level 1 of the Orcish Mines)
Missiles
 O - 3 throwing nets
Armour
 f - the +0 pair of gloves of the Thinker (worn) {rF+ rC+}
   (You acquired it on level 2 of the Elven Halls)

   rF+:       It protects you from fire.
   rC+:       It protects you from cold.
 h - the +0 pair of boots "Jair" (worn) {rN+ Slay+2 Stlth+}
   (You found it on level 3 of the Dungeon)

   Slay+2:    It affects your accuracy & damage with ranged weapons and melee
   (+2).
   rN+:       It protects you from negative energy.
   Stlth+:    It makes you more stealthy.
 B - a +2 buckler of protection (worn)
   (You bought it in a shop on level 14 of the Dungeon)
 L - the +4 ring mail "Myhaptue" (worn) {Dex+5}
   (You found it on level 14 of the Dungeon)

   Dex+5:     It affects your dexterity (+5).
 R - the +1 pair of gloves of Tenacity {rC+ rN+ Regen+ Int-4}
   (You found it on level 14 of the Dungeon)

   Int-4:     It affects your intelligence (-4).
   rC+:       It protects you from cold.
   rN+:       It protects you from negative energy.
   Regen+:    It increases your rate of health regeneration.
 V - a +0 cloak (worn)
   (You found it on level 13 of the Dungeon)
Jewellery
 c - a ring of protection from cold
   (You found it on level 5 of the Lair of Beasts)
 i - a ring of see invisible
   (You found it on level 4 of the Shoals)
 o - a ring of poison resistance
   (You bought it in a shop on level 2 of the Orcish Mines)
 s - a ring of flight
   (You found it on level 4 of the Dungeon)
 v - a +5 ring of evasion (left hand)
   (You bought it in a shop on level 2 of the Orcish Mines)
 y - an amulet of faith (around neck)
   (You found it on level 5 of the Dungeon)
 X - the ring of Nalorue (right hand) {rF+ Dex+6}
   (You found it on level 4 of the Shoals)

   [ring of dexterity]

   Dex+6:     It affects your dexterity (+6).
   rF+:       It protects you from fire.
 Y - a +6 ring of dexterity
   (You found it on level 4 of the Shoals)
Talismans
 W - a beast talisman
   (You found it on level 1 of the Dungeon)
Wands
 l - a wand of digging (9)
   (You found it on level 4 of the Shoals)
 A - a wand of polymorph (13)
   (You took it off Maggie on level 6 of the Dungeon)
 C - a wand of mindburst (20)
   (You found it on level 4 of the Spider Nest)
 G - a wand of roots (6)
   (You found it on level 13 of the Dungeon)
 I - a wand of quicksilver (5)
   (You found it on level 4 of the Spider Nest)
 N - a wand of flame (33)
   (You took it off a gnoll sergeant on level 9 of the Dungeon)
 U - a wand of charming (3)
   (You found it on level 15 of the Dungeon)
Scrolls
 j - 10 scrolls of revelation
 k - a scroll of silence
 r - 2 scrolls of identify
 t - 12 scrolls of teleportation
 u - 3 scrolls of enchant armour
 z - a scroll of blinking
 D - a scroll of immolation
 E - 6 scrolls of poison
 H - 3 scrolls of fog
 S - a scroll of fear
 T - a scroll of butterflies
Potions
 d - 4 potions of might
 e - 5 potions of lignification
 m - 4 potions of invisibility
 n - 4 potions of resistance
 q - a potion of curing
 w - a potion of heal wounds
 x - 2 potions of magic
 F - a potion of berserk rage {unknown}
 J - a potion of mutation {unknown}
 K - 2 potions of enlightenment
 M - 6 potions of ambrosia
 P - 9 potions of brilliance
Miscellaneous
 g - a phantom mirror
   (You found it on level 2 of the Shoals)


   Skills:
 + Level 14.3 Fighting
 - Level 10.0(13.6) Short Blades
 - Level 14.8(16.0) Long Blades
 - Level 11.0 Armour
 - Level 15.0 Dodging
 - Level 10.0 Stealth
 - Level 12.0 Shields
 - Level 4.0 Spellcasting
 - Level 10.1 Hexes
 - Level 6.0 Ice Magic
 - Level 12.0 Invocations
 - Level 5.0 Evocations


You had 12 spell levels left.
You knew the following spells:

 Your Spells              Type           Power      Damage    Failure   Level
a - Ensorcelled Hibernat  Hex/Ice        56%        N/A       2%          2
b - Confusing Touch       Hex            35%        N/A       2%          3
c - Frozen Ramparts       Ice            44%        1d7       12%         3
d - Tukima's Dance        Hex            35%        N/A       2%          3
e - Manifold Assault      Tloc           3%         N/A       99%         4

Your spell library contained the following spells:

 Spells                   Type           Power      Damage    Failure   Level
 Jinxbite                 Hex            70%        N/A       1%          2
 Sigil of Binding         Hex            35%        N/A       2%          3
 Cause Fear               Hex            17%        N/A       8%          4
 Dazzling Flash           Conj/Hex       38%        N/A       19%         3
 Summon Guardian Golem    Hex/Summ       19%        N/A       19%         3
 Apportation              Tloc           6%         N/A       43%         1
 Magic Dart               Conj           12%        1d3       43%         1
 Necrotise                Necr           12%        1d4       43%         1
 Shock                    Conj/Air       12%        1d3       43%         1
 Summon Small Mammal      Summ           12%        N/A       43%         1
 Metabolic Englaciation   Hex/Ice        14%        N/A       43%         5
 Anguish                  Hex/Necr       9%         N/A       52%         4
 Dimensional Bullseye     Hex/Tloc       9%         N/A       52%         4
 Fulminant Prism          Conj/Hex       9%         3d7       52%         4
 Leda's Liquefaction      Hex/Erth       9%         N/A       52%         4
 Blink                    Tloc           6%         N/A       56%         2
 Poisonous Vapours        Pois/Air       6%         N/A       56%         2
 Searing Ray              Conj           6%         2d4       56%         2
 Call Canine Familiar     Summ           3%         N/A       80%         3
 Gell's Gravitas          Tloc           3%         N/A       80%         3
 Mephitic Cloud           Conj/Pois/Air  3%         N/A       80%         3
 Stone Arrow              Conj/Erth      6%         3d7       80%         3
 Teleport Other           Tloc           3%         N/A       80%         3
 Silence                  Hex/Air        9%         N/A       86%         5
 Animate Armour           Summ/Erth      6%         N/A       99%         4
 Brom's Barrelling Bould  Conj/Erth      3%         2d3       99%         4
 Petrify                  Tmut/Erth      3%         N/A       99%         4
 Vhi's Electric Charge    Tloc/Air       6%         N/A       99%         4
 Freezing Cloud           Conj/Ice/Air   4%         6-21      99%         5
 Enfeeble                 Hex            17%        N/A       99%         7
 Agony                    Necr           3%         N/A       100%        5
 Arcjolt                  Conj/Air       1%         1d11      100%        5
 Fireball                 Conj/Fire      1%         3d3       100%        5
 Iskenderun's Battlesphe  Conj           3%         2d6       100%        5
 Conjure Ball Lightning   Conj/Air       1%         3x3d6     100%        6
 Dispersal                Tloc           1%         N/A       100%        6
 Plasma Beam              Fire/Air       1%         2x1d11    100%        6
 Monstrous Menagerie      Summ           1%         N/A       100%        7
 Orb of Destruction       Conj           1%         9d5       100%        7
 Spellforged Servitor     Conj/Summ      1%         N/A       100%        7
 Shatter                  Erth           1%         3d6*      100%        9


Dungeon Overview and Level Annotations

Branches:
Dungeon (15/15) Zot: 24833  Temple (0/1) D:7            Lair (5/5) D:9 Zot: 19883
 Shoals (4/4) Lair:2 Zot: 19860  Spider (4/4) Lair:3 Zot: 16891   Slime (0/5) Lair:5
    Orc (2/2) D:11 Zot: 10394     Elf (3/3) Orc:2 Zot: 14277  Depths (0/4) D:15
  IceCv (visited)
 Vaults: D:13-14

Altars:
Cheibriados
Dithmenos
Elyvilon
Fedhas
Gozag
Hepliaklqana
Kikubaaqudgha
Makhleb
Nemelex Xobeh
Okawaru
Ru
Uskayaw
Vehumet
Wu Jian
Xom
Yredelemnul
Zin
The Shining One
Jiyva

Shops:
D:1 :   D:2 (   D:7 ?   D:8 [*?   D:13 ?   D:14 [   Orc:1 *?[(*   Orc:2 (=*[
Elf:1 (   Shoals:2 *   Shoals:3 (

Portals:
Hell: Lair:5

Annotations:
D:4 1 runed translucent door, Dirtsage's ghost, novice OpSh
D:12 exclusion: 4 skeletal warriors, Rupert
D:13 exclusions: deep elf knight, human, orc warrior and vault guard
Lair:3 exclusion: oklob plant
Lair:4 exclusions: hydra and oklob plant
Shoals:2 3 runed translucent doors, exclusions: obsidian statue and oklob plant, zero's ghost, adept MiFi
Shoals:3 6 transporters


Message History

The ghostly deep elf death mage is moderately damaged.
You slash the ghostly deep elf death mage!
You burn the ghostly deep elf death mage.
You freeze the ghostly deep elf death mage.
The ghostly deep elf death mage is heavily damaged.
The ghostly deep elf death mage hits you with a +0 long sword.
You are too injured to fight recklessly!
You are too injured to fight recklessly!
You are too injured to fight recklessly!
You slash the ghostly deep elf death mage!
You burn the ghostly deep elf death mage.
You freeze the ghostly deep elf death mage.
The ghostly deep elf death mage is severely damaged.
The ghostly deep elf death mage closely misses you.
You closely miss the ghostly deep elf death mage.
The ghostly deep elf death mage is severely damaged.
The deep elf zephyrmancer mumbles some strange words.
The deep elf zephyrmancer blinks!
The ghostly deep elf death mage gestures at you while chanting.
The bolt of negative energy misses you.
You slice the ghostly deep elf death mage!!
You burn the ghostly deep elf death mage!
You destroy the ghostly deep elf death mage!
Things that are here:
a +0 dagger; an elf corpse The deep elf zephyrmancer points at you and mumbles some strange words.
The bolt of lightning misses you.
You hear a shout! x9
You can no longer merge with and destroy a victim.
You start resting.
A deep elf zephyrmancer is nearby!
The deep elf zephyrmancer completely misses you.
You slash the deep elf zephyrmancer! You burn the deep elf zephyrmancer.
You kill the deep elf zephyrmancer!
Your life force feels restored.
No target in view!
No target in view!
Things that are here:
a +0 long sword; a +0 leather armour; an elf corpse You start resting.
A deep elf master archer comes into view.
You start resting.
A deep elf annihilator comes into view. It is wielding a +0 rapier.
Unknown command.
The deep elf annihilator gestures at you while chanting.
The iron shot misses you.
You hear a shout!
Unknown command.
You closely miss the deep elf annihilator.
The deep elf annihilator misses you.
You slash the deep elf annihilator! You burn the deep elf annihilator.
You freeze the deep elf annihilator.
The deep elf annihilator is moderately wounded.
The deep elf master archer wields a +2 longbow of electrocution.
You hear the crackle of electricity.
The deep elf master archer shoots an arrow.
The arrow completely misses you.
The deep elf annihilator hits you with a +0 rapier.
Unknown command.
You barely miss the deep elf annihilator.
The deep elf annihilator is moderately wounded.
The deep elf master archer shoots an arrow.
The arrow completely misses you.
You closely miss the deep elf annihilator.
The deep elf annihilator is moderately wounded.
The deep elf annihilator hits you with a +0 rapier.
The deep elf master archer shoots an arrow.
The arrow barely misses you.
Unknown command.
You completely miss the deep elf annihilator.
The deep elf annihilator is moderately wounded.
The deep elf master archer shoots an arrow.
You block the arrow.
The deep elf annihilator hits you but does no damage.
The deep elf master archer shoots an arrow.
The arrow completely misses you.
Unknown command.
You barely miss the deep elf annihilator.
The deep elf annihilator is moderately wounded.
The deep elf annihilator completely misses you.
Unknown command.
You slice the deep elf annihilator!! You burn the deep elf annihilator.
You freeze the deep elf annihilator.
The deep elf annihilator is almost dead.
The deep elf master archer shoots an arrow.
The arrow completely misses you.
You can now pass through a line of other dancers.
You barely miss the deep elf annihilator.
The deep elf annihilator is almost dead.
The deep elf annihilator hits you with a +0 rapier!
The deep elf master archer shoots an arrow.
The arrow completely misses you.
You closely miss the deep elf annihilator.
The deep elf annihilator is almost dead.
The deep elf master archer shoots an arrow.
The arrow hits you!
You are electrocuted!
The deep elf annihilator points at you and mumbles some strange words.
The crystal spear hits you!!!!
Ouch! That really hurt!
You die...

.#.....#......#
##............#
.'......<.)<..#####
.'....#...........####
.#...###......#......###
'#####
##.....#...)....## .
##.....#...#.....#
##......#..###....##
#.......#.@.###....#
#.......#.e..##....#
#..[.)..##....##...##
#...)...##....#.....#
#.......##....##..)e#
#.......###....###).#
#.......# ....e#...#
##......#
#.......))......
##....°# ##............#


You could see a deep elf master archer and a deep elf annihilator.

Vanquished Creatures
  Frances (Shoals:2)
  Aizul (Shoals:2)
  Ilsuiw (Shoals:2)
  Donald (Orc:2)
  A deep elf elementalist (Elf:3)
  3 emperor scorpions
  6 ghost moths
  Louise (Spider:1)
  An orc warlord (Orc:1)
  2 deep elf sorcerers
  A formless jellyfish (Shoals:4)
  3 broodmothers
  4 deep elf demonologists (Elf:3)
  3 deep elf annihilators
  3 spark wasps
  A dire elephant (Lair:5)
  2 deep elf death magi
  A deep elf high priest (Elf:3)
  5 merfolk javelineers
  9 merfolk impalers
  4 entropy weavers
  11 hydras
  A catoblepas (Lair:3)
  3 centaur warriors
  2 merfolk avatars
  3 radroaches
  4 merfolk aquamancers (Shoals:4)
  4 two-headed ogres
  9 boulder beetles
  2 satyrs
  2 tengu warriors
  2 demonic crawlers
  4 death yaks (Lair:5)
  25 dancing weapons
  4 orc high priests
  Nergalle (Orc:2)
  22 deep elf knights
  A sun demon (Lair:5)
  Urug (D:13)
  7 skysharks
  8 sea snakes
  4 pharaoh ants
  6 orb spiders
  2 sun moths
  2 arcanists
  Pikel (D:5)
  11 deep elf archers
  3 orc knights
  10 steelbarb worms
  22 deep elf zephyrmancers
  18 deep elf pyromancers
  15 harpies
  4 ugly things
  23 wolf spiders
  5 fauns
  3 orc sorcerers
  2 moths of wrath
  A salamander (D:15)
  14 manticores
  7 cyclopes
  A black mamba (shapeshifter) (D:14)
  8 merfolk sirens
  2 molten gargoyles (Lair:3)
  6 torpor snails
  4 water nymphs (Shoals:4)
  11 cane toads
  15 elephants
  2 black mambas
  Maggie (D:6)
  A gargoyle (D:12)
  Jeremiah (D:7)
  3 orange demons (Lair:5)
  7 rime drakes
  2 freezing wraiths
  An unseen horror (D:12)
  5 yaktaurs (D:15)
  3 ice devils (Lair:5)
  A tengu conjurer (D:14)
  8 komodo dragons
  4 trolls
  A hellwing (Lair:5)
  7 meliai
  25 merfolk
  19 tarantellas
  4 polar bears
  4 wind drakes
  A hornet (D:9)
  A raiju (shapeshifter) (D:14)
  2 dream sheep (Shoals:1)
  21 blink frogs
  26 jumping spiders
  7 water elementals
  6 wraiths
  2 centaur simulacra
  3 air elementals
  17 culicivoras
  8 snapping turtles
  A vampire (D:10)
  57 yaks
  5 fire elementals
  A yak (shapeshifter) (Elf:2)
  9 wyverns
  2 steam dragons
  A basilisk (shapeshifter) (D:14)
  11 basilisks
  5 vampire mosquitoes
  61 redbacks
  Grum (D:9)
  2 wargs (Orc:2)
  2 acid dragons
  22 water moccasins
  3 hell hounds (Lair:5)
  A sky beast (D:7)
  31 orc warriors
  3 ice beasts
  5 black bears
  A black bear (shapeshifter) (D:12)
  A tengu (shapeshifter) (D:15)
  4 ogres
  33 wolves
  2 centaurs
  A phantom (D:5)
  12 bullfrogs
  An earth elemental (Elf:1)
  9 scorpions
  3 gnoll sergeants
  15 wights
  A killer bee (D:7)
  4 electric eels
  4 lava snakes (Lair:3)
  4 hounds
  7 jellies
  14 orc priests
  A sleepcap (D:7)
  4 iguanas
  19 orc wizards
  23 hell rats
  A boggart simulacrum (D:12)
  15 gnolls
  7 adders
  5 white imps
  An ufetubus (D:12)
  4 worms
  5 dart slugs
  67 orcs
  10 endoplasms
  3 giant cockroaches
  3 goblins
  8 hobgoblins
  3 jackals (D:3)
  2 quokkas
  7 ball pythons
  5 bats
  4 frilled lizards
  7 kobolds
  5 rats
1111 creatures vanquished.

Vanquished Creatures (others)
  A deep elf pyromancer (Elf:3)
  A wolf (D:12)
  An orc wizard (D:12)
  An ufetubus (D:12)
  2 orcs
6 creatures vanquished.

Grand Total: 1117 creatures vanquished

Notes
Turn   | Place    | Note
-------+----------+-------------------------------------------
     0 | D:1      | Flugkiller the Human Enchanter began the quest for the Orb.
     0 | D:1      | Reached XP level 1. HP: 13/13 MP: 3/3
   219 | D:1      | Reached XP level 2. HP: 18/19 MP: 5/5
   307 | D:1      | Found Esue's Book Shoppe.
   696 | D:1      | Reached XP level 3. HP: 24/24 MP: 6/6
   708 | D:1      | Learned a level 2 spell: Ensorcelled Hibernation
   712 | D:1      | Learned a level 3 spell: Confusing Touch
   920 | D:2      | Identified the "Kynupua"
   941 | D:2      | Reached skill level 1 in Fighting
   963 | D:2      | Reached skill level 1 in Ice Magic
  1108 | D:2      | Reached XP level 4. HP: 32/32 MP: 4/7
  1373 | D:2      | Found Zoraoc's Weapon Boutique.
  1748 | D:3      | Found a faded altar of an unknown god.
  1748 | D:3      | Identified the +0 pair of boots "Jair" {rN+ Slay+2 Stlth+}
  2284 | D:3      | Found a burning altar of Makhleb.
  2284 | D:3      | Noticed a cacodemon
  2307 | D:3      | Noticed a ynoxinul
  2307 | D:3      | Noticed a ynoxinul
  2430 | D:4      | Reached skill level 5 in Hexes
  2430 | D:4      | Reached XP level 5. HP: 31/37 MP: 8/8
  2535 | D:4      | Found a runed translucent door.
  2535 | D:4      | Noticed Dirtsage's ghost (novice OpSh)
  3003 | D:4      | Reached XP level 6. HP: 28/44 MP: 9/9
  3508 | D:5      | Entered Level 5 of the Dungeon
  3508 | D:5      | Noticed Pikel
  3538 | D:5      | Killed Pikel
  3539 | D:5      | Reached skill level 5 in Stealth
  3539 | D:5      | Reached XP level 7. HP: 26/52 MP: 10/10
  3539 | D:5      | Reached XP level 8. HP: 29/58 MP: 11/11
  3663 | D:5      | Found a radiant altar of Vehumet.
  3680 | D:5      | Reached skill level 3 in Dodging
  3688 | D:5      | Reached skill level 4 in Dodging
  3751 | D:5      | Found a blossoming altar of Fedhas.
  3751 | D:5      | Noticed a wraith
  4091 | D:5      | Killed a wraith
  4092 | D:5      | Reached skill level 5 in Dodging
  4092 | D:5      | Reached skill level 1 in Evocations
  4364 | D:5      | Found a hide-covered altar of Uskayaw.
  4385 | D:5      | Became a worshipper of Uskayaw the Reveller
  4406 | D:5      | Reached * piety under Uskayaw
  4407 | D:5      | Reached XP level 9. HP: 63/63 MP: 12/12
  4784 | D:5      | Reached ** piety under Uskayaw
  5108 | D:6      | Noticed Maggie
  5125 | D:6      | Killed Maggie
  5126 | D:6      | Reached skill level 5 in Short Blades
  6219 | D:7      | Found a shimmering altar of Xom.
  6345 | D:7      | Found a glowing silver altar of Zin.
  6378 | D:7      | Reached *** piety under Uskayaw
  6503 | D:7      | Reached XP level 10. HP: 71/71 MP: 13/13
  6525 | D:7      | Found a glowing golden altar of the Shining One.
  6671 | D:7      | Noticed Jeremiah
  6686 | D:7      | Killed Jeremiah
  6687 | D:7      | Reached skill level 5 in Evocations
  6687 | D:7      | Found a staircase to the Ecumenical Temple.
  6911 | D:7      | Found Vinum's Magic Scroll Boutique.
  6921 | D:7      | Bought a scroll of enchant weapon for 105 gold pieces
  6921 | D:7      | Bought a scroll of butterflies for 56 gold pieces
  7203 | D:8      | Identified the +4 ring mail of Qipiarph {rF+ rC- Int+2}
  7341 | D:8      | Found Fuyqelur's Magic Scroll Shop.
  7341 | D:8      | Found Sucae's General Store.
  7341 | D:8      | Found Ocacitoi's Armour Shop.
  7633 | D:8      | Reached skill level 5 in Invocations
  8077 | D:8      | Reached skill level 5 in Fighting
  8082 | D:8      | Reached **** piety under Uskayaw
  8105 | D:8      | Found a sacrificial altar of Ru.
  8234 | D:9      | Reached skill level 6 in Dodging
  8246 | D:9      | Reached ***** piety under Uskayaw
  8409 | D:9      | Reached skill level 7 in Dodging
  8409 | D:9      | Reached XP level 11. HP: 69/81 MP: 3/14
  8557 | D:9      | Found a staircase to the Lair.
  8766 | D:9      | Noticed Grum
  8788 | D:9      | Killed Grum
  9110 | D:9      | Found a snail-covered altar of Cheibriados.
  9250 | D:9      | Found a sparkling altar of Nemelex Xobeh.
  9250 | D:9      | Found a basalt altar of Yredelemnul.
  9554 | D:10     | Entered Level 10 of the Dungeon
  9649 | D:10     | Noticed a two-headed ogre
  9655 | D:10     | Killed a two-headed ogre
 10061 | D:10     | Found a shadowy altar of Dithmenos.
 10220 | D:10     | Found a hazy altar of Hepliaklqana.
 10220 | D:10     | Found an ornate altar of the Wu Jian Council.
 10221 | D:10     | Found a blossoming altar of Fedhas.
 10229 | D:10     | Found an ancient bone altar of Kikubaaqudgha.
 10233 | D:10     | Found an iron altar of Okawaru.
 10236 | D:10     | Found a glowing silver altar of Zin.
 10237 | D:10     | Found a white marble altar of Elyvilon.
 10633 | D:11     | Noticed a two-headed ogre
 10644 | D:11     | Killed a two-headed ogre
 10723 | D:11     | Reached skill level 10 in Short Blades
 10741 | D:11     | Reached ****** piety under Uskayaw
 10955 | D:11     | Found a staircase to the Orcish Mines.
 10963 | D:11     | Reached XP level 12. HP: 89/91 MP: 15/15
 11629 | Lair:1   | Entered Level 1 of the Lair of Beasts
 11920 | Lair:1   | Reached skill level 10 in Stealth
 12469 | Lair:1   | Noticed a death yak
 12470 | Lair:1   | Noticed a death yak
 12471 | Lair:1   | Noticed a death yak
 12472 | Lair:1   | Noticed a death yak
 12781 | Lair:2   | Noticed a seven-headed hydra
 12788 | Lair:2   | Killed a seven-headed hydra
 12845 | Lair:2   | Noticed a skyshark
 12858 | Lair:2   | HP: 3/91 [skyshark (6)]
 12859 | Lair:2   | Killed a skyshark
 13206 | Lair:2   | Reached XP level 13. HP: 96/96 MP: 15/18
 13911 | Lair:2   | Found a staircase to the Shoals.
 14132 | Lair:3   | Identified the "Icrughat"
 14245 | Lair:2   | Reached skill level 10 in Hexes
 14992 | Lair:3   | Noticed a catoblepas
 15036 | Lair:3   | Killed a catoblepas
 15037 | Lair:3   | Reached skill level 8 in Dodging
 15388 | Lair:3   | Found a hole to the Spider Nest.
 15755 | Lair:3   | Found a basalt altar of Yredelemnul.
 16362 | Lair:3   | Reached skill level 9 in Dodging
 16751 | Lair:4   | Found an iron altar of Okawaru.
 16835 | Lair:4   | Noticed a five-headed hydra
 16850 | Lair:4   | Killed a five-headed hydra
 16857 | Lair:4   | Reached XP level 14. HP: 54/108 MP: 16/20
 17673 | Lair:4   | Reached skill level 10 in Fighting
 17676 | Lair:4   | Reached skill level 10 in Dodging
 18938 | Lair:5   | Entered Level 5 of the Lair of Beasts
 19092 | Lair:5   | Reached skill level 10 in Invocations
 20254 | Lair:5   | Reached skill level 5 in Ice Magic
 20306 | Lair:5   | Noticed a dire elephant
 20451 | Lair:4   | Learned a level 3 spell: Frozen Ramparts
 21495 | D:12     | Noticed Rupert
 21655 | D:12     | Learned a level 3 spell: Tukima's Dance
 22007 | D:12     | Reached XP level 15. HP: 98/115 MP: 24/24
 22618 | D:13     | Noticed Urug
 22626 | D:13     | Killed Urug
 22651 | D:13     | Reached skill level 11 in Dodging
 22662 | D:13     | Found Ycios's Magic Scroll Emporium.
 22668 | D:13     | Bought a scroll of fear for 64 gold pieces
 23201 | D:14     | Identified the +4 ring mail "Myhaptue" {Dex+5}
 23259 | D:14     | Found Xiykher's Antique Armour Boutique.
 23285 | D:14     | Identified the +1 pair of gloves of Tenacity {rC+ rN+
                  | Regen+ Int-4}
 23299 | D:14     | Reached skill level 12 in Dodging
 23960 | D:14     | Found an ornate altar of the Wu Jian Council.
 23974 | D:14     | Reached skill level 1 in Shields
 24260 | D:15     | Entered Level 15 of the Dungeon
 24319 | D:15     | Found a staircase to the Depths.
 24497 | D:15     | Reached skill level 1 in Armour
 24878 | D:15     | Found a blossoming altar of Fedhas.
 25845 | D:15     | Reached skill level 5 in Armour
 26219 | D:14     | Bought a runed buckler for 195 gold pieces
 26299 | Orc:1    | Entered Level 1 of the Orcish Mines
 26343 | Orc:1    | Found Xifeaw's Antique Weapon Shop.
 26357 | Orc:1    | Found Gairchoebb's Magic Scroll Shoppe.
 26444 | Orc:2    | Entered Level 2 of the Orcish Mines
 26465 | Orc:1    | Found Says's Assorted Antiques.
 26466 | Orc:1    | Noticed Nergalle
 26582 | Orc:2    | Killed Nergalle
 26583 | Orc:2    | Reached skill level 5 in Shields
 26599 | Orc:2    | Found Uves Ime's Jewellery Shoppe.
 26634 | Orc:2    | Found Ruzucy's General Store.
 26671 | Orc:2    | Noticed an orc warlord
 26799 | Orc:1    | Killed an orc warlord
 26956 | Orc:2    | Reached XP level 16. HP: 121/122 MP: 25/25
 27089 | Orc:1    | Found Nudghufraz's General Store.
 27284 | Orc:1    | Found Cacyup's Antique Armour Emporium.
 27351 | Orc:2    | Found Weonin's Antique Weapon Emporium.
 27621 | Orc:2    | Noticed Donald
 27649 | Orc:2    | Killed Donald
 27652 | Orc:2    | Found Jutaebb's Antique Armour Emporium.
 27713 | Orc:2    | Found a staircase to the Elven Halls.
 27915 | Orc:1    | Bought the +2 Maxwell's thermic engine {flame, freeze, rev}
                  | for 836 gold pieces
 27915 | Orc:1    | Found the +2 Maxwell's thermic engine {flame, freeze, rev}
 27943 | Orc:2    | Bought a +5 ring of evasion for 396 gold pieces
 27945 | Orc:2    | Bought a ring of poison resistance for 220 gold pieces
 28164 | Spider:1 | Entered Level 1 of the Spider Nest
 28316 | Spider:1 | Reached skill level 1 in Long Blades
 28373 | Spider:1 | Found a frozen archway.
 28389 | IceCv    | Entered an ice cave
 28620 | Spider:1 | Noticed an emperor scorpion
 28627 | Spider:1 | Killed an emperor scorpion
 28749 | Spider:1 | Noticed Louise
 28753 | Spider:1 | Killed Louise
 29029 | Spider:1 | Noticed an emperor scorpion
 29054 | Spider:1 | Killed an emperor scorpion
 29055 | Spider:1 | Reached skill level 5 in Long Blades
 30068 | Lair:5   | Found a viscous altar of Jiyva.
 30072 | Lair:5   | Found a staircase to the Slime Pits.
 30245 | Lair:5   | Found a burning altar of Makhleb.
 30401 | Lair:5   | Found a gateway to Hell.
 30941 | Spider:2 | Reached XP level 17. HP: 97/128 MP: 23/26
 30958 | Spider:2 | Reached skill level 10 in Long Blades
 31972 | Spider:3 | Identified the +6 dagger of Extremism {drain, rF+ Will+
                  | Int-2}
 33610 | Spider:4 | Entered Level 4 of the Spider Nest
 35700 | Spider:4 | Reached XP level 18. HP: 134/134 MP: 24/27
 36083 | Spider:4 | Got a gossamer rune of Zot
 36374 | Shoals:1 | Identified the "Myghalosk"
 36374 | Shoals:1 | Entered Level 1 of the Shoals
 37255 | Shoals:2 | Identified the serpent talisman of Dithmenos's Wrath {rElec
                  | Dex+3}
 37255 | Shoals:2 | Noticed Aizul
 37255 | Shoals:2 | Noticed Frances
 37258 | Shoals:2 | Killed Aizul
 37264 | Shoals:2 | Killed Frances
 37536 | Shoals:2 | Found a runed translucent gate.
 37536 | Shoals:2 | Found a runed translucent gate.
 37536 | Shoals:2 | Found a runed translucent gate.
 37916 | Shoals:2 | Found an opulent altar of Gozag.
 37921 | Shoals:2 | Noticed zero's ghost (adept MiFi)
 38033 | Shoals:2 | Found Ycsuosum's Assorted Antiques.
 38192 | Shoals:2 | Reached skill level 13 in Dodging
 38276 | Shoals:2 | Noticed Ilsuiw
 38300 | Shoals:2 | Reached skill level 10 in Armour
 38310 | Shoals:2 | Killed Ilsuiw
 38752 | Shoals:3 | Found a transporter.
 38754 | Shoals:3 | Found a transporter.
 38755 | Shoals:3 | Identified the +11 quarterstaff of Makhleb {drain, Contam
                  | rPois Int+2 Stlth+}
 38959 | Shoals:3 | Found a transporter.
 38971 | Shoals:3 | Found a transporter.
 38977 | Shoals:3 | Found Ustruigae's Antique Weapon Boutique.
 39043 | Shoals:3 | Found a transporter.
 39043 | Shoals:3 | Found a transporter.
 39127 | Shoals:4 | Entered Level 4 of the Shoals
 39169 | Shoals:4 | Identified the +5 whip "Fiod" {flame, *Corrode Will+ Str+6
                  | SInv}
 39220 | Shoals:4 | Identified the ring of Nalorue {rF+ Dex+6}
 39307 | Shoals:4 | Paralysed by a formless jellyfish for 1 turns
 39450 | Shoals:4 | Reached XP level 19. HP: 121/146 MP: 28/28
 39489 | Shoals:4 | Got a barnacled rune of Zot
 40218 | Shoals:4 | Learned a level 4 spell: Manifold Assault
 40539 | Vaults:3 | Identified the "Lisuarchy"
 40539 | Elf:1    | Identified the "Nacadan"
 40539 | Elf:1    | Entered Level 1 of the Elven Halls
 40614 | Elf:1    | Paralysed by an air elemental for 1 turns
 41152 | Elf:1    | Reached skill level 10 in Shields
 41508 | Elf:1    | Found Tuty's Weapon Emporium.
 42043 | Elf:2    | Paralysed by an air elemental for 1 turns
 42123 | Elf:2    | Identified a scroll of acquirement
 42162 | Elf:2    | Acquired the +0 pair of gloves of the Thinker {rF+ rC+}
 42301 | Elf:2    | Reached skill level 14 in Dodging
 42311 | Elf:2    | Found a huge runed translucent gate.
 42311 | Elf:2    | Found a huge runed translucent gate.
 42311 | Elf:2    | Found a huge runed translucent gate.
 42315 | Elf:2    | Found a huge runed translucent gate.
 42318 | Elf:2    | Found a huge runed translucent gate.
 42990 | Elf:2    | Reached XP level 20. HP: 30/156 MP: 21/29
 43732 | Elf:3    | Entered Level 3 of the Elven Halls
 43835 | Elf:3    | Paralysed by an air elemental for 1 turns
 43911 | Elf:3    | Reached skill level 15 in Dodging
 44345 | Elf:3    | Killed from afar by a deep elf annihilator

Illustrated notes

Levels and vault maps discovered:
D:1:      tarquinn_simple_flora_water_c, layout_loops_cross, serial_shops, shop,
          reono_crystal_passage
D:2:      layout_basic, serial_shops, nicolae_shop_pleasant_corner_grove
D:3:      layout_loops_cross, makhleb_altar_promises_db,
          dreamdust_ecumenical_altar_grove
D:4:      layout_loops_cross, hellmonk_ghost_happy_afterlife,
          kennysheep_cross_room
D:5:      layout_basic, nicolae_uskayaw_murder_on_the_dancefloor, nrook_uturn,
          corexii_leaking_fountain, minmay_misc_feat_rugged,
          chequers_serial_rivers_micro_c, hangedman_feature_mirror, uniq_pikel
D:6:      layout_loops_ring, serial_park_tiny_pond, uniq_maggie
D:7:      layout_layer_cave, mainiacjoe_overflow_alcove_2,
          nicolae_tso_carved_into_rock, temple_hall, serial_shops, shop,
          minmay_ruined_shrine, uniq_jeremiah
D:8:      layout_cave_pools, nicolae_ru_sacrificial_ziggurat,
          chequers_serial_rivers_micro_a, nicolae_shop_distant_corner_stores
D:9:      layout_cave_pods, cheibrodos_worm_habitat,
          gammafunk_temple_overflow_pools, due_lair_maze_entry_diamond,
          minivault_21, uniq_grum
D:10:     layout_loops_cross, grunt_dithmenos_smoke,
          nicolae_overflow_hallway_of_the_gods, minmay_diced_spiral
D:11:     layout_cave_pods, david_orc_2
D:12:     layout_basic, serial_ice, serial_ice_a, serial_ice_c, serial_ice_f,
          serial_ice_g, serial_ice_k, serial_ice_b, nrook_mini_vaults,
          uniq_rupert
D:13:     layout_basic, grunt_vaults_entry_fortified, serial_shops,
          nicolae_shop_just_a_little_nook, uniq_urug
D:14:     layout_cave_pools, nicolae_wu_jian_wuxing_cycle, serial_glass,
          glass_columns_a, glass_columns_a, feat_on_display, item_on_display_a,
          item_on_display_a, minmay_strange_pillars, serial_shops,
          nicolae_shop_tiny_statue_garden, small_chamber_with_monster
D:15:     hangedman_depths_entry_try_elsewhere_first, layout_cave_pods,
          fedhas_altar_4
Lair:1:   layout_roguey, chequers_serial_rivers_large_a,
          infiniplex_staircase_pool_2
Lair:2:   layout_small_grid, elwin_shoals_entry_rooms, serial_bayou_shore_a
Lair:3:   cheibrodos_magma_flow, layout_cave_pods,
          nicolae_spider_entry_tight_spaces, basic_altar,
          minmay_lair_oklob_bushes
Lair:4:   layout_layer_cave, lemuel_oklob_altar, grunt_megastairs_2,
          lemuel_fruit_tree
Lair:5:   evil_forest, layout_gridlike, slime_entry_2, special_room
          [special_room_mythical_zoo], infiniplex_staircase_pool
Shoals:1: layout_shoals
Shoals:2: layout_shoals, ebering_ghost_gozag, nicolae_shoals_this_corrosion,
          uniq_ilsuiw, uniq_aizul, uniq_frances
Shoals:3: layout_shoals, serial_shops, nicolae_shop_tiny_statue_garden,
          serial_nicolae_subway, nicolae_sub_station_metal,
          nicolae_sub_station_stone, nicolae_sub_station_crystal
Shoals:4: shoals_end_hangedman, layout_shoals
Spider:1: layout_chambers, portal_ice_cave_entry_pillars_four, uniq_louise
Spider:2: layout_spider_delve
Spider:3: layout_chambers, nicolae_spider_circle_web, nicolae_spider_nook
Spider:4: grunt_spider_rune_parallel, nicolae_spider_eight_legs
Orc:1:    layout_caves, serial_shops, shop, shop, shop, nicolae_shop_stone,
          shop, uniq_nergalle
Orc:2:    grunt_orc_gardens, layout_diamond_mine, grunt_orc_garden,
          grunt_orc_garden, grunt_orc_garden, grunt_orc_garden,
          nicolae_orc_lost_temple, uniq_donald
Elf:1:    eino_elf_arrival_sip, layout_geoelf_diagonals, serial_shops,
          nicolae_shop_rolling_square, minmay_elf_demonology,
          grunt_ministairs_15
Elf:2:    elven_hall_of_blades_hangedman_alternative
          [nicolae_blade_little_rooms], layout_loops_corners,
          minmay_misc_feat_rows, minivault_25, serial_sigils_hangedman_scar
Elf:3:    minmay_elf_hall_curves, layout_gridlike,
          roderic_lattice_octagonal_star, uniq_roxanne

Skill      XL: |  1  2  3  4  5  6  7  8  9 10 11 12 13 14 15 16 17 18 19 20 |
---------------+-------------------------------------------------------------+-----
Hexes          | 4 5 6 7 8 10 | 10.1
Fighting       | 1 2 3 4 6 7 9 10 11 13 14 | 14.3
Ice Magic      | 1 4 6 |  6.0
Short Blades   | 2 4 6 10 | 10.0
Stealth        | 5 7 8 10 | 10.0
Dodging        | 5 7 9 10 12 13 14 15 | 15.0
Evocations     | 2 4 5 |  5.0
Invocations    | 5 7 8 12 | 12.0
Spellcasting   | 3 4 |  4.0
Shields        | 5 12 | 12.0
Armour         | 6 8 10 11 | 11.0
Long Blades    | 9 14 | 14.8

Action                     |  1- 3 |  4- 6 |  7- 9 | 10-12 | 13-15 | 16-18 | 19-21 || total
---------------------------+-------+-------+-------+-------+-------+-------+-------++-------
  Melee: Dagger            |   120 |   173 |   161 |   567 |  1133 |   309 |       ||  2463
         Punch             |       |       |     3 |    13 |    14 |       |       ||    30
         Short sword       |       |       |       |       |    24 |       |       ||    24
         Double sword      |       |       |       |       |       |   753 |   432 ||  1185
   Cast: Ensorcelled Hiber |     4 |    60 |    45 |   147 |   251 |   102 |       ||   609
         Confusing Touch   |       |     2 |    10 |    38 |    67 |     6 |       ||   123
         Frozen Ramparts   |       |       |       |       |     2 |       |       ||     2
 Invoke: Line Pass         |       |       |       |       |    12 |       |     1 ||    13
         Stomp             |       |       |       |       |     7 |     7 |    12 ||    26
         Grand Finale      |       |       |       |       |     1 |       |     3 ||     4
  Evoke: Wand              |       |       |       |     8 |    17 |     4 |     1 ||    30
    Use: Scroll            |     2 |     5 |     6 |     6 |    11 |     4 |     2 ||    36
         Potion            |       |     2 |     1 |     1 |     3 |     6 |    11 ||    24
   Stab: Sleeping          |     8 |    33 |    37 |    72 |   153 |   116 |    17 ||   436
         Confused          |       |     1 |    12 |    26 |    80 |    10 |     1 ||   130
         Invisible         |       |     2 |       |       |       |       |     3 ||     5
         Paralysed         |       |       |       |    22 |    50 |    83 |    29 ||   184
         Held in net/web   |       |       |       |       |     2 |       |       ||     2
         Distracted        |       |       |       |       |       |     7 |     1 ||     8
 Armour: Robe              |    35 |    92 |    39 |       |       |       |       ||   166
         Steam dragon scal |       |       |    19 |   345 |   537 |       |       ||   901
         Ring mail         |       |       |       |       |   114 |   617 |   174 ||   905
  Dodge: Dodged            |    72 |    75 |    69 |   432 |   876 |   954 |   292 ||  2770
  Block: Buckler           |       |       |       |       |    89 |   421 |   145 ||   655

Table legend: (Time is in decaauts)
 A = Elapsed time spent in this place.
 B = Non-inter-level travel time spent in this place.
 C = Inter-level travel time spent in this place.
 D = Time resting spent in this place.
 E = Time spent auto-exploring this place.
 F = Levels seen in this place.
 G = Mean time per level.
                   A        B        C        D        E       F      G
               +--------+--------+--------+--------+--------+-----+--------+
         Total |  43610 |  41085 |   2525 |  12722 |  17445 |  34 | 1282.6 |
       Dungeon |  16916 |  15887 |   1029 |   3540 |   7887 |  15 | 1127.7 |
          Lair |  10116 |   9250 |    866 |   3592 |   3232 |   5 | 2023.2 |
        Shoals |   4139 |   3969 |    170 |   1281 |   1548 |   4 | 1034.8 |
   Spider Nest |   7108 |   6909 |    199 |   2919 |   2540 |   4 | 1777.0 |
  Orcish Mines |   1605 |   1417 |    188 |    141 |    724 |   2 |  802.5 |
   Elven Halls |   3721 |   3651 |     70 |   1248 |   1513 |   3 | 1240.3 |
      Ice Cave |      2 |      2 |      0 |      0 |      0 |   1 |    2.0 |
               +--------+--------+--------+--------+--------+-----+--------+

Top non-repeatable levels by time:
Spider:3: 3146 daAuts
  Lair:4: 2898 daAuts
  Lair:3: 2513 daAuts
   Elf:2: 1758 daAuts
  Lair:5: 1700 daAuts
     D:5: 1599 daAuts
    D:14: 1558 daAuts
Spider:4: 1557 daAuts
  Lair:2: 1522 daAuts
Spider:1: 1513 daAuts
  Lair:1: 1481 daAuts
    D:12: 1470 daAuts
     D:7: 1461 daAuts
     D:9: 1461 daAuts
   Elf:1: 1447 daAuts
